 Dungeon Crawl Stone Soup version 0.29.1-1-gd02db6906a (webtiles) character file.

Game seed: 4165631552370828402

122 tardwrangler69 the Magician (level 4, 0/24 HPs)
             Began as a Deep Elf Earth Elementalist on Oct 4, 2022.
             Slain by Duvessa
             ... wielding a +0 rapier
              (4 damage)
             ... on level 4 of the Dungeon.
             The game lasted 00:03:36 (3702 turns).

tardwrangler69 the Magician (DEEE)                  Turns: 3702, Time: 00:03:37

Health: 0/24       AC:  4    Str: 11    XL:     4   Next: 78%
Magic:  7/13       EV: 12    Int: 22    God:
Gold:   160        SH:  0    Dex: 15    Spells: 12/13 levels left

rFire   . . .      SeeInvis .   (no weapon)
rCold   . . .      Faith    .   (no shield)
rNeg    . . .      Spirit   .   a - +0 robe
rPois   .          Reflect  .   k - +0 helmet
rElec   .          Harm     .   (no cloak)
rCorr   .          Rampage  .   q - +0 pair of gloves
Will    .....                   (no boots)
Stlth   ++........              (no amulet)
HPRegen 0.08/turn               h - +6 ring of strength
MPRegen 0.13/turn               (no ring)

@: no status effects
A: no striking features
a: no special abilities


You were on level 4 of the Dungeon.
You visited 1 branch of the dungeon, and saw 4 of its levels.

You collected 190 gold pieces.
You spent 30 gold pieces at shops.

Inventory:

Armour
 a - a +0 robe (worn)
 k - a +0 helmet (worn)
 q - a +0 pair of gloves (worn)
Jewellery
 h - a +6 ring of strength (left hand)
 t - a ring of willpower
 w - a ring of see invisible
Scrolls
 e - 3 scrolls of magic mapping
 f - 3 scrolls of identify
 i - a scroll of amnesia {unknown}
 j - 2 scrolls of fog {unknown}
 l - a scroll of poison {unknown}
 m - a scroll of enchant armour {unknown}
 p - a scroll of torment {unknown}
 r - 2 scrolls of immolation {unknown}
 u - 2 scrolls of teleportation {unknown}
 v - a scroll of enchant weapon {unknown}
Potions
 b - a potion of magic
 c - 5 potions of curing {unknown}
 d - a potion of attraction {unknown}
 g - a potion of heal wounds {unknown}
 n - 2 potions of might {unknown}
 o - 3 potions of invisibility {unknown}
 s - a potion of haste {unknown}
 x - a potion of flight {unknown}
 z - a potion of degeneration {unknown}


   Skills:
 - Level 2.4 Dodging
 - Level 2.4 Stealth
 + Level 5.2 Spellcasting
 - Level 1.1 Transmutations
 + Level 4.9 Earth Magic


You had 12 spell levels left.
You knew the following spells:

 Your Spells              Type           Power      Damage    Failure   Level
a - Sandblast             Erth           54%        2d13      1%          1

Your spell library contained the following spells:

 Spells                   Type           Power      Damage    Failure   Level
 Passwall                 Tmut/Erth      15%        N/A       4%          2
 Stone Arrow              Conj/Erth      32%        3d9       11%         3
 Petrify                  Tmut/Erth      19%        N/A       28%         4


Dungeon Overview and Level Annotations

Branches:
Dungeon (4/15)
 Temple: D:4-7

Altars:

Shops:
D:1 *

Annotations:
D:4 Dowan, Duvessa


Message History

Press: ? - help, Shift-Dir - straight line, f/p - Duvessa
Aim: Duvessa, wielding a +0 rapier and wearing a +0 ring mail (87% to hit)
The blast of sand hits Duvessa!
Duvessa is heavily wounded.
Duvessa closely misses you.
Casting: Sandblast (safe; 1% risk of failure)
Confirm with . or Enter, or press ? or * to list all spells.
Aiming: Sandblast (safe; 1% risk of failure)
Press: ? - help, Shift-Dir - straight line, f/p - Duvessa
Aim: Duvessa, wielding a +0 rapier and wearing a +0 ring mail (moderately wounded, 87% to hit)
The blast of sand hits Duvessa!
Duvessa is severely wounded.
Duvessa barely misses you. Duvessa hits you with a +0 rapier!
Casting: Sandblast (safe; 1% risk of failure)
Confirm with . or Enter, or press ? or * to list all spells.
Aiming: Sandblast (safe; 1% risk of failure)
Press: ? - help, Shift-Dir - straight line, f/p - Duvessa
Aim: Duvessa, wielding a +0 rapier and wearing a +0 ring mail (severely wounded, 87% to hit)
The blast of sand hits Duvessa but does no damage.
Duvessa is severely wounded.
Duvessa hits you with a +0 rapier!
* * * LOW HITPOINT WARNING * * *
Casting: Sandblast (safe; 1% risk of failure)
Confirm with . or Enter, or press ? or * to list all spells.
Aiming: Sandblast (safe; 1% risk of failure)
Press: ? - help, Shift-Dir - straight line, f/p - Duvessa
Aim: Duvessa, wielding a +0 rapier and wearing a +0 ring mail (severely wounded, 87% to hit)
The blast of sand hits Duvessa but does no damage.
Duvessa is severely wounded.
Duvessa completely misses you. Duvessa closely misses you.
Casting: Sandblast (safe; 1% risk of failure)
Confirm with . or Enter, or press ? or * to list all spells.
Aiming: Sandblast (safe; 1% risk of failure)
Press: ? - help, Shift-Dir - straight line, f/p - Duvessa
Aim: Duvessa, wielding a +0 rapier and wearing a +0 ring mail (heavily wounded, 87% to hit)
The blast of sand hits Duvessa but does no damage.
Duvessa is heavily wounded.
Duvessa says, "My weaknesses are his strengths!"
Duvessa hits you with a +0 rapier.
You die...

......##...#.####. ..
................... #.#
##.#.#####.......†..
##.####......#.#.#####.###.#.##.
.......!...............###.#.##.
............ #.............#.##.
e..........###.........####.....
.......................# #.....
...........#.#e@......)# #.....
...........#.#........<# ##.##.
.......†...#.#........## #.##.
..........##.#........# #.##.
...####.#..#.#........# #.##. .
...##.#.#........# #.##.
######.#.########## #....
#..........# ##### ####.
#.#######..## #...# #.


You could see Duvessa.

Vanquished Creatures
  Robin (D:2)
  3 adders (D:2)
  2 worms
  A dart slug (D:3)
  3 orcs
  3 bats
  3 endoplasms
  2 giant cockroaches
  15 goblins
  8 hobgoblins
  8 jackals
  3 kobolds
  5 quokkas
  3 ball pythons
  5 rats
65 creatures vanquished.

Notes
Turn   | Place    | Note
-------+----------+-------------------------------------------
     0 | D:1      | tardwrangler69 the Deep Elf Earth Elementalist began the
                  | quest for the Orb.
     0 | D:1      | Reached XP level 1. HP: 10/10 MP: 6/6
   614 | D:1      | Reached XP level 2. HP: 14/15 MP: 1/8
   752 | D:1      | Found Gula's Assorted Antiques.
   761 | D:1      | Bought a scroll labelled CYEPNA SINLISM for 30 gold pieces
  1218 | D:2      | Reached skill level 4 in Spellcasting
  1268 | D:2      | Reached XP level 3. HP: 19/19 MP: 7/10
  1344 | D:2      | Noticed Robin
  1348 | D:2      | Killed Robin
  1377 | D:2      | Found a faded altar of an unknown god.
  1486 | D:2      | Reached XP level 4. HP: 20/24 MP: 9/12
  2398 | D:3      | Reached skill level 5 in Spellcasting
  3677 | D:4      | Noticed Duvessa
  3677 | D:4      | Noticed Dowan
  3702 | D:4      | Slain by Duvessa

Illustrated notes

Levels and vault maps discovered:
D:1:      psy_arrival_basics, layout_basic, serial_shops, shop,
          kennysheep_pointless_box
D:2:      layout_basic, ebering_ecumenical_altar_box, dk_noncrumbling_3,
          uniq_robin
D:3:      layout_basic
D:4:      layout_basic, uniq_duvessa, uniq_crazy_yiuf_cottage

Skill      XL: |  1  2  3  4 |
---------------+-------------+-----
Spellcasting   | 4 5 |  5.2
Earth Magic    | 4 |  4.9
Dodging        | |  2.4
Stealth        | |  2.4
Transmutations | |  1.1

Action                   |  1- 3 |  4- 6 || total
-------------------------+-------+-------++-------
Melee: Unarmed           |     5 |       ||     5
 Cast: Sandblast         |    45 |    55 ||   100
  Use: Scroll            |     1 |       ||     1
Armor: Robe              |     9 |     3 ||    12
Dodge: Dodged            |    27 |    21 ||    48
